 Dungeon Crawl Stone Soup version 0.30-a0-241-g1121274140 (webtiles) character file.

Game seed: 16538519367307088782

843 billz999 the Covert (level 7, -3/46 HPs)
             Began as a Vampire Earth Elementalist on Oct 10, 2022.
             Was an Initiate of Dithmenos.
             Slain by Menkaure (21 damage)
             ... on level 5 of the Dungeon.
             The game lasted 00:08:00 (3971 turns).

billz999 the Covert (Vampire Earth Elementalist)    Turns: 3971, Time: 00:08:01

Health: -3/46      AC:  4    Str:  7    XL:     7   Next: 68%
Magic:  6/10       EV: 12    Int: 20    God:    Dithmenos [......]
Gold:   222        SH:  0    Dex: 14    Spells: 9/10 levels left

rFire   . . .      SeeInvis +    d - +0 dagger
rCold   . . .      Faith    .    (no shield)
rNeg    . . .      Spirit   .    a - +0 robe
rPois   .          Reflect  .    p - +0 helmet
rElec   .          Harm     .    (no cloak)
rCorr   .          Rampage  .    b - +0 pair of gloves
Will    .....                    (no boots)
Stlth   ++++......               l - amulet of regeneration
HPRegen 1.27/turn                (no ring)
MPRegen 0.12/turn                (no ring)

@: healing quickly
A: alive, fangs 3, see invisible, vampiric 2
a: Exsanguinate, Renounce Religion


You were on level 5 of the Dungeon.
You worshipped Dithmenos.
Dithmenos was noncommittal.
You visited 1 branch of the dungeon, and saw 5 of its levels.

You collected 222 gold pieces.

Inventory:

Hand Weapons
 d - a +0 dagger (weapon)
Armour
 a - a +0 robe (worn)
 b - a +0 pair of gloves (worn)
 p - a +0 helmet (worn)
Jewellery
 l - an amulet of regeneration (around neck)
Wands
 g - a wand of flame (17)
 h - a wand of acid (11)
Scrolls
 c - a scroll of brand weapon {unknown}
 e - 5 scrolls of identify {unknown}
 f - 2 scrolls of butterflies {unknown}
 i - 2 scrolls of vulnerability {unknown}
 k - a scroll of poison {unknown}
 o - a scroll of teleportation {unknown}
 q - a scroll of magic mapping {unknown}
Potions
 j - 2 potions of heal wounds {unknown}
 m - 2 potions of ambrosia {unknown}
 n - a potion of flight {unknown}
 r - a potion of brilliance {unknown}


   Skills:
 - Level 2.1 Dodging
 + Level 10.0 Stealth
 - Level 2.0 Spellcasting
 + Level 6.7 Transmutations
 - Level 3.0 Earth Magic


You had 9 spell levels left.
You knew the following spells:

 Your Spells              Type           Power      Damage    Failure   Level
a - Sandblast             Erth           28%        2d8       4%          1

Your spell library contained the following spells:

 Spells                   Type           Power      Damage    Failure   Level
 Passwall                 Tmut/Erth      17%        N/A       3%          2
 Shock                    Conj/Air       8%         1d3       16%         1
 Petrify                  Tmut/Erth      21%        N/A       22%         4
 Stone Arrow              Conj/Erth      16%        3d8       26%         3
 Swiftness                Air            2%         N/A       43%         3
 Airstrike                Air            1%         2d(1-17)  83%         4


Dungeon Overview and Level Annotations

Branches:
Dungeon (5/15)
 Temple: D:4-7

Altars:
Dithmenos
Fedhas
Ru
Uskayaw

Shops:
D:1 (

Annotations:
D:5 Menkaure


Innate Abilities, Weirdness & Mutations

Your natural rate of healing is accelerated.
You have razor-sharp teeth.
You have supernaturally acute eyesight. (SInv)
You are afflicted with vampirism and can become a bat while bloodless.


Message History

Menkaure casts a spell.
Menkaure seems to speed up.
The adder barely misses you.
Unknown command.
Unknown command.
Unknown command.
Casting: Sandblast (safe; 4% risk of failure)
Confirm with . or Enter, or press ? or * to list all spells.
Aiming: Sandblast (safe; 4% risk of failure)
Press: ? - help, Shift-Dir - straight line, f/p - adder
Aim: an adder (severely wounded, 70% to hit)
The blast of sand hits the adder!
You kill the adder!
Dithmenos accepts your kill.
Casting: Sandblast (safe; 4% risk of failure)
Confirm with . or Enter, or press ? or * to list all spells.
Aiming: Sandblast (safe; 4% risk of failure)
Press: ? - help, Shift-Dir - straight line, f - Menkaure
Aim: Menkaure (fast, 91% to hit)
The blast of sand hits Menkaure.
Menkaure is lightly damaged.
Menkaure hits you! Menkaure completely misses you.
Casting: Sandblast (safe; 4% risk of failure)
Confirm with . or Enter, or press ? or * to list all spells.
Aiming: Sandblast (safe; 4% risk of failure)
Press: ? - help, Shift-Dir - straight line, f/p - Menkaure
Aim: Menkaure (lightly damaged, fast, 91% to hit)
The blast of sand hits Menkaure.
Menkaure is moderately damaged.
Menkaure hits you.
Menkaure calls on the powers of darkness!
Your body is wracked with pain!
Casting: Sandblast (safe; 4% risk of failure)
Confirm with . or Enter, or press ? or * to list all spells.
Aiming: Sandblast (safe; 4% risk of failure)
Press: ? - help, Shift-Dir - straight line, f/p - Menkaure
Aim: Menkaure (moderately damaged, fast, 91% to hit)
The blast of sand hits Menkaure!
Menkaure is heavily damaged.
Menkaure hits you!!
You die...

#. #. ######### #.
#.......# #####.##
#.......# .......#
#####.......# #....."
#...@M......#
#.#...###.#.#.......#
#..........)#.......#
.######..###.###.......#
.........#
#............## .
######'##
####.#........# ##.
##...## #.#.#.###..# ..
##...<.## #.#.#..##..#
#. #.......##
#.#.##.##..# ##.


You could see Menkaure (fast).

Vanquished Creatures
  A water moccasin (D:4)
  A black bear (D:5)
  3 ogres
  A hound (D:4)
  A jelly (D:4)
  Terence (D:3)
  Natasha (thrice) (D:3)
  2 iguanas
  4 gnolls (D:3)
  9 adders
  2 worms
  2 dart slugs
  7 bats
  3 endoplasms (D:1)
  2 giant cockroaches
  5 goblins
  5 hobgoblins
  2 jackals (D:2)
  3 kobolds
  5 ball pythons
  8 rats
70 creatures vanquished.

Notes
Turn   | Place    | Note
-------+----------+-------------------------------------------
     0 | D:1      | billz999 the Vampire Earth Elementalist began the quest for
                  | the Orb.
     0 | D:1      | Reached XP level 1. HP: 13/13 MP: 3/3
   200 | D:1      | Reached XP level 2. HP: 19/19 MP: 0/5
   419 | D:1      | Found Fuumemia's Weapon Emporium.
   440 | D:1      | Reached skill level 4 in Stealth
  1230 | D:2      | Gained mutation: You are afflicted with vampirism and can
                  | become a bat while bloodless. [Vampire growth]
  1230 | D:2      | Reached XP level 3. HP: 24/24 MP: 1/6
  1493 | D:2      | You fall into a shaft and drop 1 floor!
  1594 | D:3      | Reached skill level 5 in Stealth
  1594 | D:3      | Reached XP level 4. HP: 21/30 MP: 3/7
  1668 | D:3      | Noticed Terence
  1686 | D:3      | Killed Terence
  1750 | D:3      | Noticed Natasha
  1764 | D:3      | Killed Natasha
  1765 | D:3      | Reached skill level 6 in Stealth
  1843 | D:3      | Found a hide-covered altar of Uskayaw.
  1849 | D:3      | Noticed Natasha
  1859 | D:3      | Killed Natasha
  1860 | D:3      | Reached XP level 5. HP: 35/35 MP: 4/8
  2128 | D:3      | Found a blossoming altar of Fedhas.
  2340 | D:3      | Noticed Natasha
  2344 | D:3      | Killed Natasha
  2345 | D:3      | Reached skill level 7 in Stealth
  2710 | D:4      | Reached XP level 6. HP: 41/41 MP: 6/9
  2791 | D:4      | Reached skill level 5 in Transmutations
  3079 | D:4      | Noticed a water moccasin
  3088 | D:4      | Killed a water moccasin
  3089 | D:4      | Reached skill level 8 in Stealth
  3193 | D:4      | Reached XP level 7. HP: 46/46 MP: 5/10
  3734 | D:5      | Entered Level 5 of the Dungeon
  3753 | D:5      | Reached skill level 9 in Stealth
  3824 | D:5      | Found a shadowy altar of Dithmenos.
  3825 | D:5      | Found a sacrificial altar of Ru.
  3828 | D:5      | Became a worshipper of Dithmenos the Shadowed
  3959 | D:5      | Noticed Menkaure
  3961 | D:5      | Reached skill level 10 in Stealth
  3971 | D:5      | Slain by Menkaure

Illustrated notes

Levels and vault maps discovered:
D:1:      dpeg_arrival_tiny_a, layout_rooms, serial_shops,
          nicolae_shop_bloodbath_and_beyond
D:2:      layout_rooms, amcnicky_mini_pool_small, hex_tiny
D:3:      layout_basic, lemuel_doored_altar, eat_drink_and_be_merry_uskayaw,
          uniq_natasha, uniq_terence
D:4:      layout_cave_pods
D:5:      layout_loops_corners, minitemple, lemuel_zombie_altar_kikubaaqudgha,
          uniq_menkaure, uniq_ijyb

Skill      XL: |  1  2  3  4  5  6  7 |
---------------+----------------------+-----
Transmutations | 2 3 4 5 6 |  6.7
Stealth        | 4 5 6 7 8 10 | 10.0
Dodging        | |  2.1
Spellcasting   | |  2.0
Earth Magic    | |  3.0

Action                   |  1- 3 |  4- 6 |  7- 9 || total
-------------------------+-------+-------+-------++-------
Melee: Dagger            |     1 |    14 |     6 ||    21
 Cast: Sandblast         |    58 |    77 |    12 ||   147
  Use: Potion            |       |     4 |       ||     4
 Stab: Sleeping          |       |     2 |     4 ||     6
Armor: Robe              |     3 |     4 |     2 ||     9
       Skin              |       |    43 |       ||    43
Dodge: Dodged            |    15 |    37 |     8 ||    60

Table legend: (Time is in decaauts)
 A = Elapsed time spent in this place.
 B = Non-inter-level travel time spent in this place.
 C = Inter-level travel time spent in this place.
 D = Time resting spent in this place.
 E = Time spent auto-exploring this place.
 F = Levels seen in this place.
 G = Mean time per level.
                   A        B        C        D        E       F      G
               +--------+--------+--------+--------+--------+-----+--------+
         Total |   4050 |   3942 |    108 |    785 |   2578 |   5 |  810.0 |
       Dungeon |   4050 |   3942 |    108 |    785 |   2578 |   5 |  810.0 |
               +--------+--------+--------+--------+--------+-----+--------+

Top non-repeatable levels by time:
     D:3: 1211 daAuts
     D:1: 1178 daAuts
     D:4: 1079 daAuts
     D:2: 340 daAuts
     D:5: 241 daAuts
